Match 29175382
Unlisted

Match 29175382
End
Panzergrenadier Squad
250 Light Carrier
Selects Armored Support Battlegroup
Construct Light Support Kompanie
2.5-tonne Medical Truck
Assault Grenadier Squad
Fire Support Elements
Combat Half-tracks
Flakvierling Half-track
Panzerjäger Mechanized Group
Assault Grenadier Squad
Vehicle Survival Package
Construct Panzerarmee Kommand
Pak 38 Mechanized Group
Panzer III L Medium Tank
Selects Veteran Gunners
Selects Salvage Kits
Selects Panzer Storm
Panzer III L Medium Tank
Emergency Repair Kits
le.IG 18 Mechanized Group
Selects Stuka Anti-tank Loiter
Panzerpioneer Squad
Panzer III L Medium Tank
IronDragon
Snagroot
Zero
Tavaki
colinjb
magistermagi
Serial Chiller
gulasz
0
0

Comments sign in to comment!

No comments posted yet!